Cogmind - Beta 16.1 @@@ ROGUE MODE // 2026.02.15 @ 14:35:29 Player: queen's_gambit Result: Destroyed by S-10 Pest with Light Assault Rifle Performance ------------- Evolutions (1) 500 Regions Visited (3) 600 Robots Destroyed (9) 45 Value Destroyed (266) 266 Prototype IDs (0) 0 Alien Tech Used (0) 0 Bonus (0) 0 TOTAL SCORE: 1411 Bonus ------- None Cogmind --------- Core Integrity 0/400 Matter 300/300 Energy 264/265 System Corruption 2% Temperature Cool (0) Movement Core (200) Ox3 Location -9/Materials Parts ------- > --- POWER (1) -------- Improved Ion Engine > --- PROPULSION (3) --- Light Treads (fused) > --- UTILITY (2) ------ Small Storage Unit > --- WEAPON (3) ------- (None) > --- INVENTORY (8) ---- (None) Peak State ------------ > --- POWER ------------ Ion Engine > --- PROPULSION ------- Light Treads Light Treads > --- UTILITY ---------- Small Storage Unit Core Shielding > --- WEAPON ----------- Small Laser Light Assault Rifle > --- INVENTORY -------- Light Ion Engine Aluminum Leg Aluminum Leg Wheel Wheel Medium Laser [Rating: 7] Favorites ----------- Power Ion Engine Engine Ion Engine Propulsion Light Treads Treads Light Treads Leg Aluminum Leg Wheel Wheel Flight Unit Flight Unit Utility Small Storage Unit Storage Small Storage Unit Protection Core Shielding Weapon Small Laser Energy Gun Small Laser Ballistic Gun Light Assault Rifle Build | -11 -10 -10 -9 ------- Run | Yrd Mat Min Mat Slots Evolved 2 | . . . 2 Power . | . . . . Propulsion 1 | . . . 1 Utility . | . . . . Weapon 1 | . . . 1 Parts Attached 17 | 6 3 . 8 Power 3 | 1 1 . 1 Engine 3 | 1 1 . 1 Core . | . . . . Reactor . | . . . . Propulsion 8 | 2 . . 6 Treads 3 | 2 . . 1 Leg 2 | . . . 2 Wheel 2 | . . . 2 Hover . | . . . . Flight 1 | . . . 1 Utility 3 | 1 1 . 1 Device . | . . . . Storage 1 | 1 . . . Processor . | . . . . Hackware . | . . . . Protection 2 | . 1 . 1 Artifact . | . . . . Weapon 3 | 2 1 . . Energy Gun 2 | 1 1 . . Energy Cannon . | . . . . Ballistic Gun 1 | 1 . . . Ballistic Cannon . | . . . . Launcher . | . . . . Special Weapon . | . . . . Impact Weapon . | . . . . Slashing Weapon . | . . . . Piercing Weapon . | . . . . Special Melee Weapon . | . . . . Unidentified Prototypes . | . . . . Parts Lost 14 | . 1 1 12 Power 2 | . 1 1 . Propulsion 7 | . . . 7 Utility 2 | . . . 2 Weapon 3 | . . . 3 Highest Loss Streak 10 | . 1 1 10 To Critical Strikes 1 | . . . 1 Average Backups 4 | 2 5 5 2 Power . | . . . . Propulsion 3 | 1 4 4 2 Utility . | . . . . Weapon . | . 1 1 . Tool/Special . | . . . . Unused Backups . | . . . . Power . | . . . . Propulsion . | . . . . Utility . | . . . . Weapon . | . . . . Tool/Special . | . . . . Average Slot Usage (%) 79 | . 96 85 50 Engine 6 | . 14 . 2 Treads 22 | . 28 28 12 Storage 13 | . 14 14 11 Protection 11 | . 10 14 9 Energy Gun 16 | . 15 28 10 Ballistic Gun 5 | . 12 . . Peak Build Rating 7 | 6 7 7 7 Average Rating 5 | 4 6 6 5 On Entrance 4 | . 6 7 6 Avg Prop Armor Cover (%) 15 | . . . 15 Naked Turns . | . . . . Heaviest Build 17 | 12 13 9 17 Greatest Support 40 | 40 40 40 40 Greatest Overweight (x) 4 | . . . 4 Average Overweight (x) . | . . . . Largest Inventory Capacity 8 | 8 8 8 8 Average Capacity 7 | 7 8 8 8 Most Carried 7 | 6 7 5 5 Average Carried 4 | 3 5 5 2 Final Capacity 8 | 8 8 8 8 Final Carried 6 | 6 5 5 . Class Distribution -------------------- 100% | Mutant Dominant Class ---------------- Mutant | -10/Materials Mutant | -10/Mines Mutant | -9/Materials Resources | -11 -10 -10 -9 ----------- Run | Yrd Mat Min Mat Matter Collected 336 | 205 87 . 44 Remotely . | . . . . Salvage Created 300 | . 193 83 24 Parts 15 | . 7 3 5 Haulers Intercepted . | . . . . Recyclers Shooed . | . . . . Parts Field Recycled . | . . . . Retrieved Matter . | . . . . Parts Self-Destructed . | . . . . Prevented . | . . . . Parts Restored . | . . . . Kills | -11 -10 -10 -9 ------- Run | Yrd Mat Min Mat Combat Hostiles Destroyed 8 | . 4 2 2 Guns 7 | . 4 1 2 Classes Destroyed 3 | . 2 . 1 Watcher 1 | . 1 . . Swarmer 2 | . . . 2 Grunt 6 | . 4 2 . Best Kill Streak 2 | . 2 2 2 Combat Bots Only 2 | . 2 2 2 Max Kills in Single Turn 1 | . 1 1 1 Gunslinging . | . . . . Exploded . | . . . . Melee . | . . . . Uniques/NPCs Destroyed . | . . . . Combat | -11 -10 -10 -9 -------- Run | Yrd Mat Min Mat Hostile Shots Fired 243 | . 31 20 192 Missed 63 | . 8 5 50 Hits 180 | . 23 15 142 Projectile 180 | . 23 15 142 Critical Strikes 3 | . . . 3 Damage Taken 1893 | . 335 179 1379 Core 484 | . 48 30 406 Absorbed by Shields . | . . . . Redirected to Shielding 49 | . 9 6 34 Core Remaining (%) 84 | 100 . 68 . Volleys Fired 29 | . 14 9 6 Largest 3 | . 2 2 3 Hottest 110 | . 60 90 110 Shots Fired 62 | . 28 19 15 Gun 62 | . 28 19 15 Cannon . | . . . . Launcher . | . . . . Special . | . . . . Kinetic 17 | . 14 . 3 Thermal 45 | . 14 19 12 Explosive . | . . . . Electromagnetic . | . . . . Robot Hit Streak 11 | . 11 5 4 Robot Miss Streak 4 | . 4 2 2 Penetration Max . | . . . . Secondary Targets 3 | . 1 1 1 Max Gunslinging Chain 1 | . 1 1 1 Shots Hit Robots 42 | . 19 13 10 Core Hits 22 | . 9 4 9 Critical Kills 1 | . 1 . . Critical Parts Destroyed . | . . . . Critical Strikes 4 | . 1 2 1 Burn 3 | . . 2 1 Destroy 1 | . 1 . . Melee Attacks . | . . . . Impact . | . . . . Slashing . | . . . . Piercing . | . . . . Sneak Attacks . | . . . . Combat Hostiles . | . . . . Follow-up Attacks . | . . . . Damage Inflicted 527 | 9 181 153 184 Guns 439 | . 181 152 106 Cannons . | . . . . Explosions . | . . . . Melee . | . . . . Ramming 88 | 9 . 1 78 Kinetic 76 | . 61 . 15 Thermal 363 | . 120 152 91 Explosive . | . . . . Electromagnetic . | . . . . Impact . | . . . . Slashing . | . . . . Piercing . | . . . . Highest Corruption 3 | . 3 3 2 Average Corruption 2 | . 2 3 2 Corruption Purged . | . . . . Corruption Blocked . | . . . . Effects 9 | . 1 5 3 Message Errors 1 | . 1 . . Matter Fused 3 | . . 2 1 Heat Flow Errors 1 | . . . 1 Parts Fused 1 | . . . 1 Data Loss (minor) 2 | . . 2 . Misfires 1 | . . 1 . Overload Shots . | . . . . Overflow Damage . | . . . . Projectiles . | . . . . Explosions . | . . . . Melee . | . . . . Knockbacks . | . . . . Impact . | . . . . Kinetic . | . . . . Secondary . | . . . . Self-Inflicted Damage 18 | . . . 18 Shots . | . . . . Rammed 26 | 2 . 1 23 Targets Rammed 43 | 2 . 1 40 Kicked 17 | . . . 17 Crushed . | . . . . Highest Temperature 235 | . 160 235 206 Average Temperature 90 | . 77 135 53 Received Heat Transfer 555 | . 174 102 279 Siege Activations . | . . . . Martial Activations . | . . . . Shielding Activations . | . . . . Robots Disrupted . | . . . . Combat Hostiles . | . . . . Robots Corrupted . | . . . . Combat Hostiles . | . . . . Parts Fried . | . . . . Impact Corruptions . | . . . . Robots Melted 1 | . . 1 . Combat Hostiles 1 | . . 1 . Parts Melted 1 | . . 1 . Heat Transferred 1166 | . 275 569 322 Parts Sabotaged . | . . . . Parts Stolen . | . . . . Parts Stripped . | . . . . Power Chain Reactions . | . . . . Alert | -11 -10 -10 -9 ------- Run | Yrd Mat Min Mat Maximum Alert Level . | . . . . Low Security (%) 100 | 100 100 100 100 Level 1 . | . . . . Level 2 . | . . . . Level 3 . | . . . . Level 4 . | . . . . Level 5 . | . . . . High Security . | . . . . Max Security . | . . . . Peak Influence 57 | . 57 44 40 Initial 14 | . . 14 . Average 11 | . 18 13 5 Influence Increases 287 | . 137 50 100 Destroy 0b10 Robot/C 160 | . 80 40 40 Destroy 0b10 Robot/NC 5 | . 5 . . Destroy Leader 32 | . 22 10 . Lose Combat Pursuer 90 | . 30 . 60 Influence Decreases 272 | . 100 87 85 Entered New Map 23 | . . 23 . Time Decay 184 | . 90 54 40 Lost Part 65 | . 10 10 45 Squads Dispatched 5 | . 3 . 2 Investigation 2 | . 2 . . Extermination . | . . . . Reinforcement 3 | . 1 . 2 Assault . | . . . . Garrison . | . . . . Intercept . | . . . . Searches Triggered . | . . . . Construction Impeded . | . . . . Haulers Reinforced . | . . . . Active Scanning Responses . | . . . . Cargo Convoy Interrupts . | . . . . Stealth | -11 -10 -10 -9 --------- Run | Yrd Mat Min Mat Distress Signals 3 | . 3 . . Communications Jammed . | . . . . Distress Signals . | . . . . Times Spotted 23 | . 8 2 13 Peak Tracking Total 6 | . 4 2 6 Tactical Retreats 5 | . 1 . 4 Traps | -11 -10 -10 -9 ------- Run | Yrd Mat Min Mat Traps Triggered 3 | . 3 . . Indirectly . | . . . . Trap Hack Attempts . | . . . . Triggered . | . . . . Disarmed 3 | . 3 . . Reprogrammed . | . . . . Reused . | . . . . Traps Extracted . | . . . . Installed . | . . . . Triggered . | . . . . Machines | -11 -10 -10 -9 ---------- Run | Yrd Mat Min Mat Machines Disabled . | . . . . Max in Single Turn . | . . . . Machines Repaired . | . . . . Machines Dismantled . | . . . . Machines Sabotaged . | . . . . Overloaded Fab Kills . | . . . . Hacking | -11 -10 -10 -9 --------- Run | Yrd Mat Min Mat Machines Accessed 3 | . 2 . 1 Terminals 3 | . 2 . 1 Fabricators . | . . . . Repair Stations . | . . . . Recycling Units . | . . . . Scanalyzers . | . . . . Garrison Access . | . . . . Total Hacks 6 | . 2 . 4 Successful 3 | . 2 . 1 Failed 3 | . . . 3 Catastrophic . | . . . . Database Lockouts . | . . . . Manual . | . . . . Terminals 6 | . 2 . 4 Fabricators . | . . . . Repair Stations . | . . . . Recycling Units . | . . . . Scanalyzers . | . . . . Garrison Access . | . . . . Terminal Hacks 3 | . 2 . 1 Disarm Traps 1 | . 1 . . Recall Reinforcements 2 | . 1 . 1 Fabricator Hacks . | . . . . Repair Station Hacks . | . . . . Recycling Unit Hacks . | . . . . Scanalyzer . | . . . . Garrison Access Hacks . | . . . . Unauthorized Hacks . | . . . . Terminals . | . . . . Fabricators . | . . . . Repair Stations . | . . . . Recycling Units . | . . . . Scanalyzers . | . . . . Garrison Access . | . . . . Data Cores Recovered . | . . . . Used . | . . . . Hacking Detections 1 | . . . 1 Full Trace Events . | . . . . Feedback Events . | . . . . Feedback Blocked . | . . . . Robot Schematics Acquired . | . . . . Robots Built . | . . . . Authchips . | . . . . Time . | . . . . Total Robot Build Rating . | . . . . Part Schematics Acquired . | . . . . Parts Built . | . . . . Authchips . | . . . . Time . | . . . . Total Part Build Rating . | . . . . Part Studies Acquired . | . . . . Parts Repaired . | . . . . Time . | . . . . Parts Recycled . | . . . . Recycled Matter . | . . . . Retrieved Matter . | . . . . Retrieved Components . | . . . . Parts Scanalyzed . | . . . . Part Schematics Acquired . | . . . . Parts Damaged . | . . . . Bothacking | -11 -10 -10 -9 ------------ Run | Yrd Mat Min Mat Used RIF Installer . | . . . . Robots Hacked . | . . . . Non-combat . | . . . . Combat . | . . . . Robot Hacks Applied . | . . . . Relay Couplers Released . | . . . . Fabnet Peak Effective % . | . . . . Robots Rewired . | . . . . Allies Hacked . | . . . . Hacks Repelled . | . . . . Allies | -11 -10 -10 -9 -------- Run | Yrd Mat Min Mat Total Allies . | . . . . Largest Group . | . . . . Highest-Rated Group . | . . . . Highest-Rated Ally . | . . . . Total Orders . | . . . . Ally Attacks . | . . . . Total Damage . | . . . . Kills . | . . . . Allies Corrupted . | . . . . Allies Melted . | . . . . Intel | -11 -10 -10 -9 ------- Run | Yrd Mat Min Mat Active Infowar (turns) . | . . . . Robot Analysis Total . | . . . . Derelict Logs Recovered . | . . . . Drone Launches . | . . . . Drone Recoveries . | . . . . Exploration | -11 -10 -10 -9 ------------- Run | Yrd Mat Min Mat Turns Passed 835 | 116 302 184 233 Spaces Moved 438 | 86 162 98 92 Core 52 | 38 . . 14 Treads 380 | 48 162 98 72 Legs 2 | . . . 2 Wheels 1 | . . . 1 Hover . | . . . . Flight 3 | . . . 3 Fastest Speed 50 | 50 160 160 80 Average Speed 151 | 111 160 160 165 Slowest Speed 380 | 160 160 160 380 Overloaded Moves . | . . . . Propulsion Burnouts . | . . . . Robots Hopped . | . . . . Potential Cave-ins . | . . . . Cave-ins Triggered . | . . . . Exploration Rate (%) 21 | 5 33 40 9 Regions Visited 3 Branch Regions 1 Pre-discovered Areas . | . . . . Known Exits Taken . | . . . . Unknown Exits Taken 3 | 1 1 1 . Scrap Searched . | . . . . Spaces Dug . | . . . . Terrain Destroyed . | . . . . Melee . | . . . . Projectile . | . . . . AOE . | . . . . Terrain Rammed . | . . . . Walls Destroyed . | . . . . Machines Disabled . | . . . . Actions | -11 -10 -10 -9 --------- Run | Yrd Mat Min Mat Total 543 | 105 180 107 151 Wait . | . . . . Move 435 | 85 161 97 92 Hop . | . . . . Pick Up 17 | 12 1 . 4 Fast Attach . | . . . . Attach 18 | 6 3 . 9 Detach 1 | . 1 . . Swap . | . . . . Drop . | . . . . Fire 29 | . 14 9 6 Melee . | . . . . Ram 20 | . . . 20 Kick 17 | . . . 17 Crush 6 | 2 . 1 3 Escape Stasis . | . . . . Rewire . | . . . . Trap . | . . . . Miscellaneous . | . . . . Route ------- -11/Scrapyard -10/Materials -10/Mines -9/Materials History --------- Turn | Location | Event 16 | -11/Scrapyard | Discovered new exit (range 16) 117 | -11/Scrapyard | Entered Materials 118 | -10/Materials | Met a group of wandering Federalists 306 | -10/Materials | Build established: Mutant 393 | -10/Materials | Discovered new exit (range 7) 419 | -10/Materials | Entered Mines 579 | -10/Mines | Discovered new exit (range 16) 603 | -10/Mines | Entered Materials 603 | -9/Materials | Evolved 2 slots: Propulsion x1, Weapon x1 751 | -9/Materials | Core integrity fell below 50% 799 | -9/Materials | Lost 10 parts (6n1u3w) 812 | -9/Materials | Core integrity fell below 20% 836 | -9/Materials | Destroyed by S-10 Pest with Light Assault Rifle Last Messages --------------- 00768_ Broken Wheel destroyed. 00768_ Acquired 1 matter. 00771_ S-10 Pest destroyed. 00776_ Acquired Lgt. Treads. 00778_ Acquired 10 matter. 00782_ Acquired Imp. Ion Engine. 00794_ System corrupted: Lgt. Treads fused. 00801_ Slammed into S-10 Pest. 00803_ R-06 Scavenger collects Flight Unit. 00804_ Acquired 3 matter. 00804_ Slammed into S-10 Pest. 00807_ R-06 Scavenger collects Lgt. Assault Rifle. 00809_ Acquired Flight Unit. 00810_ R-06 Scavenger collects Flight Unit. 00811_ Acquired 10 matter. 00813_ System corrupted: Heat flow error (+221). 00813_ Hrd. Light Armor Plating destroyed. 00817_ Slammed into S-10 Pest. 00820_ Flight Unit destroyed. Map ----- +----------------------------------------------------+ | ?????????????????????????????????????????????????? | | ?????????????????????????????????????????????????? | | ?????????????????????????????????????????????????? | | ????????????????????###########??????????????????? | | ????????????????????# %%% #??????#???????????? | | ????????????????????# %%% #????? #???????????? | | ????????????????????# %%%%= #???? #???????????? | | ????????????????????# %%%% #??? ????????????? | | ????????????????????########+#####"####??????????? | | ?????????????????????????# % +??????????? | | ?????????????????????????# ^ ###???????????? | | ?????????????????????????#^ T ""#???????????? | | ??????????????########??## Y"#???????????? | | ??????????????# #??#" ^ ""#???????????? | | ??????????????#""" #??#T ############### | | ??????????????#""" #??#" | | ??????????????#""" %##### | | ??????????????#""" %/% ! | | ??????????????# ##############+############## | | ??????????????####+###????????????? ???????????? | | ???????????????# ######?????????? ??????????? | | ??????????###### ###### ?????????? | | ????????# + ????????????? | | ????????######## ######?????????????????? | | ???????????????# ##+#/#####??????????????????? | | ???????????????####### s@ #??????????????????? | | ?????????????????????# #??????????????????? | | ?????????????????????# #??????????????????? | | ?????????????????????# #??????????????????? | | ?????????????????????##########??????????????????? | | | | | | | | | | | | | | | | | | | | | | | | | | | | | | | | | | | | | | | | | +----------------------------------------------------+ Best States ------------- Heat Dissipation 28 Energy Generation 12 Energy Capacity 265 Matter Stores 300 Matter Capacity 300 Sight Range 16 Terrain Scan Density 10 Armor Coverage 150 Core Shielding 20 Evasion (%) 50 Recoil Reduction 2 Item Schematics ----------------- None Robot Schematics ------------------ None Fabricated ------------ Nothing Repaired ---------- Nothing Studied --------- None Alien Tech Used ----------------- None Achievements -------------- DATA ERROR: Steam Global Achievement% For Emergencies Only It's Just You Challenges ------------ None Game ------ Seed ProjectionGatlingBrace Manual? 0 Play Time 00:19:25 Cumulative 17.3 hours Start 2026.02.14 @ 16:13:05 End 2026.02.15 @ 14:35:29 Sessions 4 Manual Loads 0 Difficulty Rogue Special Mode None Game No. 24 Rogue 24 Adventurer 0 Explorer 0 Win Type - Total 0 Types 0/0/0/0/0/0/0/0/0/0 Lore% 2 Gallery% 12 Achievement% 6 Wizard Run 0 Options --------- Layout 1 ASCII 0 Keyboard 0 Movement Vi Keybinds 0 Fullscreen 1 Font 24/Smallcaps Map View 50x35 Zoom Use 0% Tactical HUD 1 Map Filters NONE Filters NONE Steam 1 RUN: 7d24bcfe-7810-4e15-825b-fd0cbfa2f093